 Dungeon Crawl Stone Soup version 0.17-a0-1945-gfe993df (webtiles) character file.

358 Gruud the Chopper (level 6, 0/47 HPs)
             Began as a Demonspawn Skald on Sept 30, 2015.
             Slain by an ogre
             ... wielding a +0 giant club
              (11 damage)
             ... on level 4 of the Dungeon.
             The game lasted 00:15:30 (3089 turns).

Gruud the Chopper (Demonspawn Skald)                Turns: 3089, Time: 00:15:30

Health: 0/47       AC: 11    Str: 12      XL:     6   Next: 37%
Magic:  6/9        EV: 11    Int: 15      God:
Gold:   99         SH:  0    Dex: 11 (13) Spells: 3 memorised, 3 levels left

rFire  . . .     SeeInvis .     b - +0 war axe
rCold  . . .     Clarity  .     o - +1 ring mail
rNeg   . . .     SustAt   .     (no shield)
rPois  .         Gourm    .     (no helmet)
rElec  .         Spirit   .     t - +0 cloak
rCorr  .         Warding  .     (no gloves)
rMut   .         Stasis   .     (no boots)
MR     .....                    (no amulet)
Stlth  +.........               (no ring)
                                (no ring)

@: infused, not resistant to hostile enchantments, very unstealthy
A: iridescent scales 1, demonic guardian 1
a: no special abilities


You were on level 4 of the Dungeon.
You were not hungry.

You visited 1 branch of the dungeon, and saw 4 of its levels.

You collected 99 gold pieces.

Inventory:

Hand weapons
 a - a +0 hand axe
 b - a +0 war axe (weapon)
Missiles
 g - 119 stones (quivered)
 p - 14 poisoned needles
Armour
 o - a +1 ring mail (worn)
 t - a +0 cloak (worn)
Jewellery
 e - an uncursed ring of teleportation
 y - an uncursed amulet of faith
Magical devices
 u - a wand of fire (7)
Scrolls
 f - a scroll of identify
 l - a scroll of fog
 r - a scroll of enchant armour
Potions
 h - a potion of degeneration {unknown}
 i - 2 potions of curing
 j - a potion of cure mutation {unknown}
 m - a potion of might
 s - a potion of heal wounds {unknown}
 v - 3 potions of ambrosia {unknown}
 x - a potion of poison {unknown}
Books
 c - a book of Battle

   Spells                             Type                      Level
   a - Infusion                       Charms                       1
   b - Shroud of Golubria             Charms/Translocation         2
   c - Song of Slaying                Charms                       2
   d - Spectral Weapon                Hexes/Charms                 3
   e - Regeneration                   Charms/Necromancy            3
Comestibles
 d - 3 bread rations
 k - a beef jerky
 n - a slice of pizza
 q - a meat ration
 w - 4 chunks of flesh


   Skills:
 + Level 3.2 Fighting
 * Level 4.4 Axes
 + Level 2.1 Armour
 + Level 2.9 Dodging
 - Level 2.0 Spellcasting
 - Level 2.6 Charms


You had 3 spell levels left.
You knew the following spells:

 Your Spells              Type           Power        Failure   Level  Hunger
a - Infusion              Chrm           #.....       17%         1    #......
b - Song of Slaying       Chrm           #.......     28%         2    ###....
c - Regeneration          Chrm/Necr      #.........   87%         3    ###....


Dungeon Overview and Level Annotations

Branches:
Dungeon (4/15)
 Temple: D:4-7

Altars:
Gozag
Nemelex Xobeh
Yredelemnul
Zin

Annotations:
D:4 1 runed door


Innate Abilities, Weirdness & Mutations

You are partially covered in iridescent scales (AC +4).
A weak demonic guardian rushes to your aid.


Message History

You kill the ooze!
Found a stone staircase leading down.
An ogre comes into view. It is wielding a giant club.
The ogre shouts!
Found a basalt altar of Yredelemnul.
Casting: Infusion
Confirm with . or Enter, or press ? or * to list all spells.
You begin infusing your attacks with magical energy.
You hit the ogre.
The ogre is moderately wounded.
Your ufetubus hits the ogre. x2
Your crimson imp blinks!
The ogre hits you with a giant club!!
* * * LOW HITPOINT WARNING * * *
Your ufetubus hits the ogre. x2
You hit the ogre.
The ogre is severely wounded.
Your ufetubus hits the ogre. x2
The ogre hits you with a giant club!
You die...

..##....#...[....#########
........#........# ####
........#........# ...#
.................# ._.#
................###..(# #
#...##.#........8.#####.8#
#.........................
..................ยง#+#....
####
................@O.#p#....
....
..........#.#....55###....
....
.....#.#....#............#
####
...#.#.#..<.#...........##
# .###.#.######........#..#
# .# #.#.. ...########.># #
## #.### ##### ## # #.# #.


You could see an ogre, a neutral human, a friendly crimson imp and a friendly
ufetubus.

Vanquished Creatures
  Edmund (D:4)
  A quasit (D:4)
  Ijyb (D:2)
  An orc wizard (D:4)
  2 worker ants (D:4)
  4 adders
  An ooze (D:4)
  2 worms
  A giant gecko (D:1)
  8 orcs (D:4)
  2 ball pythons
  6 bats
  4 giant cockroaches
  9 goblins
  10 hobgoblins
  3 jackals (D:2)
  3 giant newts
  7 kobolds
  5 rats
71 creatures vanquished.

Vanquished Creatures (collateral kills)
  An orc wizard (D:4)
  An orc (D:4)
2 creatures vanquished.

Grand Total: 73 creatures vanquished

Notes
Turn   | Place    | Note
--------------------------------------------------------------
     0 | D:1      | Gruud the Demonspawn Skald began the quest for the Orb.
     0 | D:1      | Reached XP level 1. HP: 16/16 MP: 3/3
    57 | D:1      | Reached skill level 1 in Dodging
   272 | D:1      | Gained mutation: You are partially covered in iridescent scales (AC +4). [demonic ancestry]
   272 | D:1      | Reached XP level 2. HP: 6/22 MP: 5/5
   772 | D:1      | Reached skill level 1 in Armour
  1002 | D:2      | Reached XP level 3. HP: 25/27 MP: 6/6
  1129 | D:2      | Found an opulent altar of Gozag.
  1197 | D:2      | Noticed Ijyb
  1223 | D:2      | Killed Ijyb
  1223 | D:2      | Reached skill level 3 in Axes
  1223 | D:2      | Gained mutation: A weak demonic guardian rushes to your aid. [demonic ancestry]
  1223 | D:2      | Reached XP level 4. HP: 9/34 MP: 7/7
  1533 | D:2      | Found a sparkling altar of Nemelex Xobeh.
  1808 | D:2      | Found an opulent altar of Gozag.
  2360 | D:3      | Found a glowing silver altar of Zin.
  2482 | D:3      | Learned a level 1 spell: Infusion
  2485 | D:3      | Learned a level 2 spell: Song of Slaying
  2563 | D:4      | Noticed Edmund
  2589 | D:4      | Killed Edmund
  2589 | D:4      | Reached XP level 5. HP: 16/41 MP: 5/8
  2633 | D:4      | Reached skill level 4 in Axes
  2665 | D:4      | Learned a level 3 spell: Regeneration
  2901 | D:4      | Reached XP level 6. HP: 33/47 MP: 9/9
  3075 | D:4      | Found a runed door.
  3075 | D:4      | Noticed a human
  3082 | D:4      | Found a basalt altar of Yredelemnul.
  3082 | D:4      | Noticed an ogre
  3089 | D:4      | Slain by an ogre

Vault maps used:
D:1:      dpeg_arrival_court, minmay_misc_feat_rows, supply_closet_lemuel,
          minmay_lizard_king
D:2:      lemuel_crystal_altar, nicolae_overflow_hidden_temple,
          lemuel_statue_altar, uniq_iyjb
D:3:      lemuel_doored_altar, first_bread, minmay_misc_feat_roman,
          hangedman_decor_riveting, kennysheep_generic_room_15
D:4:      ashenzari_altar_1, dk_yredelemnul_ordeal, uniq_edmund

Action                   |  1- 3 |  4- 6 || total
-------------------------+-------+-------++-------
Melee: Hand axe          |   125 |   191 ||   316
       War axe           |       |    55 ||    55
 Cast: Infusion          |     1 |     3 ||     4
       Song of Slaying   |       |     1 ||     1
  Use: Scroll            |     6 |     4 ||    10
       Potion            |     1 |       ||     1
 Stab: Distracted        |       |     1 ||     1
  Eat: Chunk             |     1 |     7 ||     8
